[ AOE2 MATCH · #466582318 ]
UnrankedMongols vs Celts
[ REPLAY ANALYSIS · EXTRACTED FROM THE RECORDED GAME ]
Feudal
13:18
Castle
17:06
Imperial
—
| APM avg | 50.6 |
| APM peak | 91 |
| eAPM avg | 20.1 |
| Villagers / military | 93 / 28 |
Focus
⚔️ 34.7% · 🌾 65.3%
Mangudai ×22 · Fishing Ship ×8 · Mangonel ×6
Feudal
13:05
Castle
16:49
Imperial
—
| APM avg | 40.0 |
| APM peak | 71 |
| eAPM avg | 21.1 |
| Villagers / military | 89 / 28 |
Focus
⚔️ 33.0% · 🌾 67.0%
Scorpion ×12 · Fishing Ship ×9 · Mangonel ×6 · Battering Ram ×5 · Knight ×3 · Monk ×2
Feudal
11:53
Castle
20:26
Imperial
—
| APM avg | 33.3 |
| APM peak | 61 |
| eAPM avg | 19.8 |
| Villagers / military | 106 / 36 |
Focus
⚔️ 36.9% · 🌾 63.1%
Unknown (2626) ×28 · Fire Galley ×18 · Spearman ×17 · Fishing Ship ×14 · Galley ×1
Feudal
14:56
Castle
25:00
Imperial
—
| APM avg | 52.4 |
| APM peak | 95 |
| eAPM avg | 30.5 |
| Villagers / military | 101 / 12 |
Focus
⚔️ 28.8% · 🌾 71.2%
Fishing Ship ×11 · Monk ×4 · Archer ×4 · Mangonel ×4
Feudal
14:03
Castle
19:48
Imperial
—
| APM avg | 39.2 |
| APM peak | 63 |
| eAPM avg | 19.9 |
| Villagers / military | 43 / 18 |
Focus
⚔️ 34.8% · 🌾 65.2%
Composite Bowman ×10 · Fishing Ship ×8 · Battering Ram ×5 · Mangonel ×3
Feudal
12:51
Castle
19:41
Imperial
—
| APM avg | 64.5 |
| APM peak | 102 |
| eAPM avg | 37.4 |
| Villagers / military | 129 / 36 |
Focus
⚔️ 20.5% · 🌾 79.5%
Ghulam ×27 · Unknown (2626) ×11 · Galley ×9 · Fishing Ship ×9
Feudal
16:51
Castle
23:17
Imperial
—
| APM avg | 26.7 |
| APM peak | 42 |
| eAPM avg | 17.6 |
| Villagers / military | 98 / 23 |
Focus
⚔️ 27.4% · 🌾 72.6%
Shrivamsha Rider ×20 · Fishing Ship ×8 · Scout Cavalry ×2 · Fire Galley ×1
Feudal
15:13
Castle
19:24
Imperial
—
| APM avg | 24.5 |
| APM peak | 63 |
| eAPM avg | 15.2 |
| Villagers / military | 56 / 6 |
Focus
⚔️ 33.3% · 🌾 66.7%
Battering Ram ×5 · Fishing Ship ×4 · Unknown (1908) ×4 · Iron Pagoda ×1
Match map
Initial resources + every placement click. Lines = walls · curves = elevation contours. ◆ gold · ⬟ stone · ● berries · ✦ relic · ◌ wall gap
Your base· Open — unwalled flank
DK_Nightclaim's base· Open — unwalled flank
TomCollins's base· Open — unwalled flank
DK_Akutuhaburu's base· Open — unwalled flank
apNEA's base· Open — 12t gap
Ux'unreal. el noruego's base· Open — 4t gap
Mortis's base· Open — 13t gap
DK_Dani's base· Open — unwalled flank
Smoothed initial terrain · ◌ = detected wall gap · hover for details
Inputs per minute
— Brisingr - - DK_Nightclaim
Build order — Brisingr
First 150 of 222 actions detected
| 0:31 | Build | Town Center |
| 1:21 | Build | Palisade Wall |
| 1:25 | Build | Dock |
| 2:43 | Create | Villager (Male) |
| 2:43 | Create | Villager (Male) |
| 2:44 | Create | Villager (Male) |
| 3:10 | Build | House |
| 3:15 | Research | Loom |
| 3:16 | Create | Villager (Male) |
| 3:33 | Create | Villager (Male) |
| 3:33 | Create | Villager (Male) |
| 3:57 | Create | Villager (Male) |
| 3:58 | Create | Villager (Male) |
| 4:22 | Create | Fishing Ship |
| 5:20 | Create | Fishing Ship |
| 5:20 | Create | Fishing Ship |
| 5:45 | Create | Villager (Male) |
| 5:45 | Create | Villager (Male) |
| 5:48 | Build | House |
| 5:53 | Create | Fishing Ship |
| 5:59 | Create | Villager (Male) |
| 5:59 | Create | Villager (Male) |
| 6:24 | Create | Fishing Ship |
| 6:33 | Create | Villager (Male) |
| 6:33 | Create | Villager (Male) |
| 7:16 | Create | Villager (Male) |
| 7:16 | Create | Villager (Male) |
| 7:22 | Build | House |
| 7:42 | Create | Villager (Male) |
| 7:43 | Create | Villager (Male) |
| 7:43 | Create | Villager (Male) |
| 7:57 | Create | Villager (Male) |
| 8:00 | Create | Fishing Ship |
| 8:21 | Create | Villager (Male) |
| 8:31 | Create | Villager (Male) |
| 8:31 | Create | Villager (Male) |
| 8:40 | Create | Fishing Ship |
| 9:01 | Build | House |
| 9:23 | Create | Villager (Male) |
| 9:29 | Build | House |
| 9:39 | Build | Mill |
| 9:48 | Create | Villager (Male) |
| 10:05 | Create | Fishing Ship |
| 10:21 | Create | Villager (Male) |
| 10:57 | Build | Mining Camp |
| 11:03 | Research | Feudal Age |
| 12:54 | Create | Villager (Male) |
| 12:54 | Create | Villager (Male) |
| 13:10 | Build | Palisade Wall |
| 13:18 | Age | Feudal Age |
| 13:21 | Build | Palisade Wall |
| 13:22 | Build | Palisade Wall |
| 13:28 | Build | Market |
| 13:31 | Build | Blacksmith |
| 13:34 | Create | Villager (Male) |
| 14:04 | Build | House |
| 14:13 | Build | Mining Camp |
| 14:26 | Research | Castle Age |
| 14:26 | Research | Castle Age |
| 15:26 | Build | Dock |
| 15:29 | Build | Palisade Wall |
| 15:32 | Build | Palisade Wall |
| 15:52 | Build | Outpost |
| 16:29 | Build | Palisade Wall |
| 16:38 | Build | Outpost |
| 17:06 | Age | Castle Age |
| 17:35 | Create | Villager (Male) |
| 17:35 | Create | Villager (Male) |
| 17:48 | Build | Castle |
| 18:08 | Build | Palisade Wall |
| 18:11 | Create | Villager (Male) |
| 18:13 | Research | Fletching |
| 18:14 | Research | Fletching |
| 18:48 | Build | House |
| 18:51 | Build | Palisade Wall |
| 19:07 | Create | Mangudai |
| 19:08 | Create | Mangudai |
| 19:08 | Create | Mangudai |
| 19:08 | Create | Mangudai |
| 19:11 | Research | Bodkin Arrow |
| 19:12 | Create | Villager (Male) |
| 19:24 | Create | Villager (Male) |
| 19:52 | Create | Villager (Male) |
| 20:48 | Build | Town Center |
| 21:15 | Create | Villager (Male) |
| 21:15 | Create | Villager (Male) |
| 21:15 | Create | Villager (Male) |
| 21:16 | Create | Villager (Male) |
| 21:35 | Create | Villager (Male) |
| 21:35 | Create | Villager (Male) |
| 21:36 | Create | Mangudai |
| 21:36 | Create | Mangudai |
| 21:45 | Build | House |
| 21:53 | Create | Villager (Male) |
| 21:54 | Create | Villager (Male) |
| 22:49 | Create | Villager (Male) |
| 22:50 | Create | Villager (Male) |
| 22:55 | Create | Mangudai |
| 22:56 | Create | Mangudai |
| 23:37 | Create | Villager (Male) |
| 23:37 | Create | Villager (Male) |
| 23:42 | Create | Villager (Male) |
| 23:42 | Create | Villager (Male) |
| 24:00 | Create | Villager (Male) |
| 24:00 | Create | Villager (Male) |
| 24:09 | Build | Siege Workshop |
| 24:26 | Build | House |
| 24:44 | Research | Gold Mining |
| 24:45 | Create | Villager (Male) |
| 24:45 | Create | Villager (Male) |
| 24:46 | Create | Villager (Male) |
| 24:52 | Build | Farm |
| 24:52 | Build | Farm |
| 24:52 | Build | Farm |
| 24:53 | Build | Farm |
| 24:53 | Build | Farm |
| 24:53 | Build | Farm |
| 24:53 | Build | Farm |
| 24:59 | Create | Mangonel |
| 24:59 | Create | Mangonel |
| 25:04 | Build | House |
| 25:11 | Create | Mangudai |
| 25:11 | Create | Mangudai |
| 25:24 | Create | Villager (Male) |
| 25:26 | Build | Farm |
| 25:26 | Build | Farm |
| 25:27 | Build | Farm |
| 25:27 | Build | Farm |
| 25:27 | Build | Farm |
| 25:27 | Build | Farm |
| 25:53 | Create | Mangudai |
| 25:53 | Create | Mangudai |
| 25:55 | Create | Villager (Male) |
| 26:17 | Create | Villager (Male) |
| 26:19 | Create | Villager (Male) |
| 26:19 | Create | Villager (Male) |
| 26:42 | Build | Lumber Camp |
| 26:49 | Create | Villager (Male) |
| 26:49 | Create | Villager (Male) |
| 27:00 | Create | Mangudai |
| 27:00 | Create | Mangudai |
| 27:05 | Build | Outpost |
| 27:07 | Build | Outpost |
| 27:13 | Build | Outpost |
| 27:15 | Research | Town Watch |
| 27:15 | Research | Town Watch |
| 27:17 | Create | Villager (Male) |
| 27:17 | Create | Villager (Male) |
| 27:24 | Create | Villager (Male) |
| 27:26 | Create | Mangudai |
Build order — DK_Nightclaim
First 150 of 205 actions detected
| 0:18 | Build | Town Center |
| 1:06 | Build | Dock |
| 2:40 | Create | Villager (Male) |
| 2:40 | Create | Villager (Male) |
| 2:40 | Create | Villager (Male) |
| 2:41 | Create | Villager (Male) |
| 2:41 | Create | Villager (Male) |
| 3:17 | Create | Fishing Ship |
| 3:29 | Research | Loom |
| 3:31 | Build | House |
| 3:39 | Create | Villager (Male) |
| 3:39 | Create | Villager (Male) |
| 4:11 | Create | Fishing Ship |
| 4:12 | Create | Fishing Ship |
| 4:17 | Create | Villager (Male) |
| 4:17 | Create | Villager (Male) |
| 4:45 | Build | House |
| 5:26 | Create | Fishing Ship |
| 5:26 | Create | Fishing Ship |
| 5:36 | Create | Villager (Male) |
| 5:56 | Build | House |
| 6:14 | Create | Villager (Male) |
| 6:14 | Create | Villager (Male) |
| 6:32 | Create | Fishing Ship |
| 6:45 | Create | Villager (Male) |
| 7:07 | Create | Villager (Male) |
| 7:30 | Create | Villager (Male) |
| 7:41 | Create | Fishing Ship |
| 7:45 | Build | House |
| 7:54 | Create | Villager (Male) |
| 8:17 | Create | Villager (Male) |
| 8:31 | Create | Villager (Male) |
| 8:33 | Create | Fishing Ship |
| 9:03 | Create | Villager (Male) |
| 9:25 | Build | Mining Camp |
| 9:32 | Build | Mining Camp |
| 9:34 | Create | Villager (Male) |
| 9:48 | Build | House |
| 10:05 | Create | Villager (Male) |
| 10:19 | Create | Villager (Male) |
| 10:30 | Create | Fishing Ship |
| 10:50 | Research | Feudal Age |
| 11:14 | Build | Mill |
| 11:31 | Build | House |
| 11:38 | Create | Villager (Male) |
| 11:38 | Create | Villager (Male) |
| 12:39 | Build | House |
| 12:47 | Build | House |
| 13:05 | Age | Feudal Age |
| 13:09 | Build | Market |
| 13:27 | Build | Blacksmith |
| 14:09 | Research | Castle Age |
| 14:09 | Research | Castle Age |
| 15:13 | Build | Lumber Camp |
| 15:37 | Create | Unit 2626 |
| 15:47 | Build | House |
| 15:50 | Research | Double-Bit Axe |
| 15:53 | Research | Horse Collar |
| 16:12 | Create | Villager (Male) |
| 16:13 | Create | Villager (Male) |
| 16:49 | Age | Castle Age |
| 17:07 | Build | Siege Workshop |
| 17:09 | Build | Siege Workshop |
| 17:15 | Create | Villager (Male) |
| 17:23 | Create | Villager (Male) |
| 17:37 | Build | Mill |
| 17:47 | Create | Villager (Male) |
| 17:48 | Create | Villager (Male) |
| 17:53 | Create | Mangonel |
| 18:04 | Build | Outpost |
| 18:07 | Build | House |
| 18:10 | Create | Villager (Male) |
| 18:10 | Create | Villager (Male) |
| 18:18 | Create | Scorpion |
| 18:32 | Create | Villager (Male) |
| 18:43 | Create | Scorpion |
| 18:43 | Create | Scorpion |
| 18:49 | Build | Outpost |
| 19:16 | Create | Scorpion |
| 19:16 | Create | Scorpion |
| 19:20 | Build | Farm |
| 19:21 | Build | Farm |
| 19:32 | Create | Scorpion |
| 19:32 | Create | Scorpion |
| 19:33 | Create | Villager (Male) |
| 19:49 | Create | Villager (Male) |
| 19:57 | Create | Villager (Male) |
| 19:59 | Build | Farm |
| 20:27 | Create | Mangonel |
| 20:27 | Create | Mangonel |
| 20:33 | Create | Villager (Male) |
| 20:37 | Build | Farm |
| 20:38 | Build | Farm |
| 20:47 | Create | Villager (Male) |
| 21:16 | Create | Mangonel |
| 21:16 | Create | Mangonel |
| 21:16 | Create | Mangonel |
| 21:16 | Create | Villager (Male) |
| 21:19 | Build | Farm |
| 21:39 | Create | Villager (Male) |
| 21:50 | Create | Villager (Male) |
| 22:02 | Create | Scorpion |
| 22:02 | Create | Scorpion |
| 22:03 | Create | Villager (Male) |
| 22:06 | Build | Farm |
| 22:32 | Create | Scorpion |
| 22:39 | Create | Villager (Male) |
| 22:40 | Create | Villager (Male) |
| 22:46 | Create | Villager (Male) |
| 22:47 | Create | Villager (Male) |
| 22:51 | Create | Scorpion |
| 23:27 | Create | Villager (Male) |
| 24:01 | Create | Villager (Male) |
| 24:12 | Create | Villager (Male) |
| 24:16 | Create | Villager (Male) |
| 24:17 | Create | Villager (Male) |
| 24:24 | Create | Villager (Male) |
| 24:46 | Build | Town Center |
| 24:56 | Research | Wheelbarrow |
| 25:15 | Create | Villager (Male) |
| 25:21 | Research | Bow Saw |
| 25:59 | Build | Farm |
| 26:01 | Create | Villager (Male) |
| 26:03 | Create | Villager (Male) |
| 26:10 | Build | Mining Camp |
| 26:12 | Create | Villager (Male) |
| 26:16 | Build | Lumber Camp |
| 26:44 | Create | Villager (Male) |
| 26:49 | Create | Villager (Male) |
| 26:52 | Build | Farm |
| 26:53 | Build | Farm |
| 26:54 | Create | Villager (Male) |
| 27:02 | Create | Villager (Male) |
| 27:06 | Build | Barracks |
| 27:08 | Build | Farm |
| 27:09 | Build | Farm |
| 27:12 | Create | Villager (Male) |
| 27:18 | Create | Villager (Male) |
| 27:18 | Create | Villager (Male) |
| 27:18 | Create | Villager (Male) |
| 27:21 | Build | Monastery |
| 27:29 | Create | Villager (Male) |
| 27:46 | Create | Scorpion |
| 27:54 | Create | Monk |
| 27:58 | Create | Villager (Male) |
| 28:00 | Research | Town Watch |
| 28:08 | Build | Stable |
| 28:09 | Build | House |
| 28:09 | Build | House |
| 28:09 | Build | House |
Build order — TomCollins
First 150 of 308 actions detected
| 0:07 | Build | Town Center |
| 0:49 | Build | Dock |
| 1:36 | Build | House |
| 2:27 | Create | Villager (Male) |
| 2:27 | Create | Villager (Male) |
| 2:28 | Create | Villager (Male) |
| 2:28 | Create | Villager (Male) |
| 2:30 | Research | Loom |
| 2:30 | Create | Villager (Male) |
| 2:47 | Create | Villager (Male) |
| 2:48 | Create | Villager (Male) |
| 3:43 | Create | Fishing Ship |
| 3:53 | Create | Villager (Male) |
| 4:21 | Build | House |
| 4:30 | Create | Villager (Male) |
| 4:30 | Create | Villager (Male) |
| 5:00 | Create | Villager (Male) |
| 5:07 | Create | Fishing Ship |
| 5:27 | Create | Villager (Male) |
| 5:32 | Build | House |
| 5:55 | Create | Villager (Male) |
| 6:14 | Create | Villager (Male) |
| 6:18 | Create | Fishing Ship |
| 6:18 | Create | Fishing Ship |
| 6:36 | Create | Villager (Male) |
| 6:48 | Create | Fishing Ship |
| 6:56 | Build | House |
| 7:10 | Create | Villager (Male) |
| 7:30 | Create | Villager (Male) |
| 7:34 | Build | House |
| 7:37 | Build | Lumber Camp |
| 7:49 | Create | Villager (Male) |
| 8:16 | Create | Villager (Male) |
| 8:32 | Create | Fishing Ship |
| 8:57 | Create | Villager (Male) |
| 9:43 | Research | Feudal Age |
| 9:43 | Research | Feudal Age |
| 9:45 | Build | Mining Camp |
| 10:04 | Build | Dock |
| 10:12 | Create | Fishing Ship |
| 10:25 | Build | House |
| 11:02 | Create | Fishing Ship |
| 11:05 | Create | Fishing Ship |
| 11:25 | Create | Villager (Male) |
| 11:53 | Age | Feudal Age |
| 11:54 | Create | Fire Galley |
| 11:54 | Create | Fire Galley |
| 11:58 | Research | Double-Bit Axe |
| 12:04 | Build | House |
| 12:09 | Create | Villager (Male) |
| 12:21 | Create | Unit 2626 |
| 12:22 | Create | Unit 2626 |
| 12:30 | Build | House |
| 12:41 | Create | Villager (Male) |
| 12:55 | Create | Unit 2626 |
| 12:55 | Create | Unit 2626 |
| 12:56 | Create | Villager (Male) |
| 13:10 | Create | Villager (Male) |
| 13:13 | Build | Lumber Camp |
| 13:25 | Create | Villager (Male) |
| 13:47 | Build | Blacksmith |
| 13:51 | Build | Palisade Wall |
| 13:53 | Build | Palisade Wall |
| 14:00 | Create | Villager (Male) |
| 14:10 | Create | Unit 2626 |
| 14:10 | Create | Unit 2626 |
| 14:30 | Create | Unit 2626 |
| 14:32 | Create | Villager (Male) |
| 14:50 | Create | Villager (Male) |
| 14:58 | Create | Unit 2626 |
| 15:03 | Build | Mill |
| 15:14 | Create | Unit 2626 |
| 15:21 | Build | House |
| 15:23 | Research | Wheelbarrow |
| 15:23 | Research | Wheelbarrow |
| 15:46 | Create | Unit 2626 |
| 15:48 | Create | Fire Galley |
| 15:48 | Create | Unit 2626 |
| 15:49 | Create | Villager (Male) |
| 16:08 | Create | Villager (Male) |
| 16:16 | Create | Villager (Male) |
| 16:30 | Build | Market |
| 16:37 | Create | Villager (Male) |
| 16:39 | Create | Villager (Male) |
| 16:49 | Create | Unit 2626 |
| 16:49 | Create | Unit 2626 |
| 17:20 | Create | Villager (Male) |
| 17:46 | Build | Palisade Wall |
| 17:46 | Research | Castle Age |
| 17:53 | Build | Dock |
| 17:57 | Build | Dock |
| 18:20 | Create | Unit 2626 |
| 18:20 | Create | Fire Galley |
| 18:24 | Build | House |
| 18:25 | Build | House |
| 18:26 | Create | Villager (Male) |
| 18:31 | Build | House |
| 18:32 | Build | House |
| 18:44 | Create | Unit 2626 |
| 18:44 | Create | Fire Galley |
| 18:46 | Research | Forging |
| 18:50 | Create | Villager (Male) |
| 19:11 | Create | Fire Galley |
| 19:11 | Create | Fire Galley |
| 19:21 | Build | House |
| 19:22 | Build | House |
| 19:38 | Create | Unit 2626 |
| 19:38 | Create | Fire Galley |
| 19:41 | Build | House |
| 19:42 | Build | House |
| 19:43 | Build | House |
| 19:48 | Build | Palisade Wall |
| 19:53 | Create | Villager (Male) |
| 20:00 | Create | Unit 2626 |
| 20:00 | Create | Fire Galley |
| 20:03 | Research | Gold Mining |
| 20:20 | Build | House |
| 20:21 | Build | House |
| 20:26 | Age | Castle Age |
| 20:32 | Research | Tech 905 |
| 20:36 | Research | War Galley (upgrade) |
| 20:36 | Research | War Galley (upgrade) |
| 20:49 | Create | Unit 2626 |
| 20:49 | Create | Fire Galley |
| 21:05 | Research | Bow Saw |
| 21:08 | Build | House |
| 21:23 | Create | Villager (Male) |
| 21:25 | Create | Unit 2626 |
| 21:25 | Create | Fire Galley |
| 21:25 | Create | Unit 2626 |
| 21:34 | Create | Villager (Male) |
| 21:50 | Create | Villager (Male) |
| 22:07 | Create | Unit 2626 |
| 22:07 | Create | Fire Galley |
| 22:20 | Create | Villager (Male) |
| 22:36 | Build | Town Center |
| 22:44 | Create | Villager (Male) |
| 23:01 | Create | Villager (Male) |
| 23:15 | Build | Town Center |
| 23:29 | Create | Villager (Male) |
| 23:31 | Create | Unit 2626 |
| 23:31 | Create | Fire Galley |
| 23:54 | Create | Galley |
| 23:54 | Create | Unit 2626 |
| 23:56 | Create | Villager (Male) |
| 24:12 | Research | Iron Casting |
| 24:13 | Research | Iron Casting |
| 24:13 | Create | Villager (Male) |
| 24:20 | Create | Unit 2626 |
| 24:20 | Create | Fire Galley |
Build order — DK_Akutuhaburu
First 150 of 218 actions detected
| 0:10 | Build | Town Center |
| 0:53 | Build | Dock |
| 0:54 | Build | House |
| 2:15 | Build | House |
| 2:34 | Create | Villager (Male) |
| 2:35 | Create | Villager (Male) |
| 2:35 | Create | Villager (Male) |
| 2:35 | Create | Villager (Male) |
| 2:42 | Research | Loom |
| 2:42 | Research | Loom |
| 2:42 | Research | Loom |
| 2:43 | Create | Villager (Male) |
| 2:43 | Create | Villager (Male) |
| 2:45 | Create | Villager (Male) |
| 4:00 | Build | Palisade Wall |
| 4:00 | Build | Palisade Wall |
| 4:01 | Build | Palisade Wall |
| 4:12 | Create | Fishing Ship |
| 4:12 | Create | Fishing Ship |
| 4:37 | Build | Palisade Wall |
| 5:00 | Create | Villager (Male) |
| 5:01 | Create | Villager (Male) |
| 5:34 | Create | Villager (Male) |
| 5:34 | Create | Villager (Male) |
| 5:54 | Create | Villager (Male) |
| 5:55 | Create | Villager (Male) |
| 6:01 | Build | House |
| 6:46 | Create | Fishing Ship |
| 6:46 | Create | Fishing Ship |
| 6:47 | Create | Villager (Male) |
| 6:47 | Create | Villager (Male) |
| 7:24 | Build | House |
| 7:35 | Create | Fishing Ship |
| 7:35 | Create | Fishing Ship |
| 7:37 | Create | Villager (Male) |
| 7:37 | Create | Villager (Male) |
| 8:05 | Create | Villager (Male) |
| 8:06 | Create | Villager (Male) |
| 8:24 | Create | Villager (Male) |
| 8:24 | Create | Villager (Male) |
| 8:26 | Create | Fishing Ship |
| 8:26 | Create | Fishing Ship |
| 8:41 | Build | House |
| 8:56 | Create | Villager (Male) |
| 8:57 | Create | Villager (Male) |
| 8:57 | Create | Villager (Male) |
| 8:57 | Create | Villager (Male) |
| 9:15 | Create | Villager (Male) |
| 9:15 | Create | Villager (Male) |
| 9:24 | Create | Fishing Ship |
| 9:24 | Create | Fishing Ship |
| 9:24 | Create | Fishing Ship |
| 9:30 | Create | Villager (Male) |
| 9:30 | Create | Villager (Male) |
| 10:14 | Create | Villager (Male) |
| 10:14 | Create | Villager (Male) |
| 10:29 | Build | House |
| 10:35 | Build | Mill |
| 11:03 | Create | Villager (Male) |
| 11:03 | Create | Villager (Male) |
| 11:08 | Build | House |
| 12:04 | Build | Lumber Camp |
| 12:46 | Research | Feudal Age |
| 12:46 | Research | Feudal Age |
| 12:46 | Research | Feudal Age |
| 13:03 | Build | Palisade Wall |
| 13:09 | Build | Mining Camp |
| 13:19 | Build | Barracks |
| 13:28 | Build | Mining Camp |
| 14:16 | Build | House |
| 14:33 | Build | Outpost |
| 14:50 | Create | Villager (Male) |
| 14:56 | Age | Feudal Age |
| 14:58 | Create | Villager (Male) |
| 15:10 | Build | Watch Tower |
| 15:19 | Build | Archery Range |
| 15:28 | Create | Villager (Male) |
| 15:43 | Build | Palisade Wall |
| 15:50 | Create | Archer |
| 15:57 | Create | Villager (Male) |
| 16:15 | Build | Stone Wall |
| 16:16 | Build | Stone Wall |
| 16:16 | Build | Stone Wall |
| 16:17 | Build | Stone Wall |
| 16:31 | Create | Archer |
| 16:33 | Create | Villager (Male) |
| 17:07 | Create | Archer |
| 17:11 | Build | Outpost |
| 17:42 | Build | Mill |
| 17:49 | Create | Villager (Male) |
| 17:49 | Create | Villager (Male) |
| 17:49 | Create | Villager (Male) |
| 18:11 | Build | House |
| 18:12 | Build | House |
| 18:12 | Build | House |
| 18:12 | Build | House |
| 18:13 | Create | Villager (Male) |
| 18:14 | Create | Villager (Male) |
| 18:14 | Create | Villager (Male) |
| 18:24 | Create | Villager (Male) |
| 18:24 | Create | Villager (Male) |
| 18:33 | Build | Mill |
| 18:48 | Create | Archer |
| 19:03 | Create | Villager (Male) |
| 19:21 | Build | House |
| 19:30 | Create | Villager (Male) |
| 19:33 | Create | Villager (Male) |
| 19:33 | Create | Villager (Male) |
| 19:40 | Create | Villager (Male) |
| 19:40 | Create | Villager (Male) |
| 19:48 | Build | Market |
| 20:03 | Create | Villager (Male) |
| 20:03 | Create | Villager (Male) |
| 20:03 | Create | Villager (Male) |
| 20:03 | Create | Villager (Male) |
| 20:30 | Create | Villager (Male) |
| 20:31 | Create | Villager (Male) |
| 20:31 | Create | Villager (Male) |
| 20:39 | Build | Watch Tower |
| 20:43 | Build | House |
| 20:45 | Build | Stone Wall |
| 21:05 | Build | Lumber Camp |
| 21:22 | Create | Villager (Male) |
| 21:22 | Create | Villager (Male) |
| 21:50 | Create | Villager (Male) |
| 21:51 | Build | House |
| 21:53 | Build | House |
| 21:53 | Build | House |
| 21:53 | Build | House |
| 21:53 | Build | House |
| 22:15 | Build | Outpost |
| 22:20 | Research | Castle Age |
| 22:20 | Research | Castle Age |
| 22:42 | Build | Mill |
| 23:06 | Build | Outpost |
| 23:51 | Build | Outpost |
| 23:57 | Build | House |
| 24:02 | Build | Outpost |
| 24:03 | Build | Outpost |
| 24:36 | Create | Villager (Male) |
| 24:46 | Build | Stone Wall |
| 24:50 | Build | Stone Wall |
| 24:54 | Build | Stone Wall |
| 24:56 | Build | Stone Wall |
| 24:58 | Build | Stone Wall |
| 25:00 | Age | Castle Age |
| 25:01 | Build | Stone Wall |
| 25:02 | Build | Stone Wall |
| 25:03 | Build | Stone Wall |
| 25:04 | Create | Villager (Male) |
Build order — apNEA
First 150 of 183 actions detected
| 0:15 | Build | Town Center |
| 1:28 | Build | Dock |
| 1:47 | Build | House |
| 2:09 | Build | House |
| 2:29 | Build | Palisade Wall |
| 2:30 | Build | Palisade Wall |
| 2:53 | Build | House |
| 2:58 | Create | Villager (Male) |
| 2:58 | Create | Villager (Male) |
| 3:07 | Create | Villager (Male) |
| 3:20 | Create | Villager (Male) |
| 4:25 | Create | Villager (Male) |
| 4:41 | Build | House |
| 5:11 | Create | Villager (Male) |
| 5:16 | Build | House |
| 5:28 | Research | Loom |
| 5:30 | Build | House |
| 5:36 | Create | Fishing Ship |
| 5:36 | Create | Fishing Ship |
| 5:54 | Create | Villager (Male) |
| 6:02 | Build | House |
| 6:19 | Create | Villager (Male) |
| 6:42 | Create | Villager (Male) |
| 6:55 | Create | Fishing Ship |
| 7:07 | Create | Villager (Male) |
| 7:16 | Build | Palisade Wall |
| 7:19 | Build | Palisade Wall |
| 7:22 | Build | Palisade Wall |
| 7:24 | Build | Palisade Wall |
| 7:30 | Build | House |
| 7:36 | Create | Villager (Male) |
| 7:40 | Create | Fishing Ship |
| 7:52 | Create | Villager (Male) |
| 8:17 | Create | Fishing Ship |
| 8:29 | Create | Villager (Male) |
| 8:29 | Create | Villager (Male) |
| 8:29 | Create | Villager (Male) |
| 8:38 | Build | House |
| 8:49 | Create | Villager (Male) |
| 8:50 | Create | Fishing Ship |
| 9:12 | Build | Palisade Wall |
| 9:21 | Build | House |
| 9:23 | Build | Palisade Wall |
| 9:26 | Build | Palisade Wall |
| 9:30 | Create | Villager (Male) |
| 9:41 | Build | Mule Cart |
| 9:44 | Build | Palisade Wall |
| 9:54 | Build | Palisade Wall |
| 10:07 | Create | Villager (Male) |
| 10:11 | Create | Fishing Ship |
| 10:14 | Build | Palisade Wall |
| 10:29 | Create | Villager (Male) |
| 10:34 | Build | Palisade Wall |
| 10:35 | Build | Palisade Wall |
| 10:48 | Build | Palisade Wall |
| 11:00 | Build | Mule Cart |
| 11:01 | Create | Villager (Male) |
| 11:08 | Create | Fishing Ship |
| 11:37 | Build | Palisade Wall |
| 11:45 | Build | Palisade Wall |
| 11:53 | Research | Feudal Age |
| 12:04 | Build | Palisade Wall |
| 12:35 | Build | Palisade Wall |
| 12:39 | Build | Palisade Wall |
| 12:46 | Build | Dock |
| 12:58 | Create | Villager (Male) |
| 13:29 | Create | Villager (Male) |
| 13:33 | Build | Mill |
| 14:03 | Age | Feudal Age |
| 14:06 | Build | Blacksmith |
| 14:09 | Build | Watch Tower |
| 14:16 | Create | Villager (Male) |
| 14:38 | Build | House |
| 14:47 | Build | Market |
| 14:58 | Research | Town Watch |
| 15:06 | Build | House |
| 15:09 | Build | Palisade Wall |
| 15:12 | Build | House |
| 15:13 | Build | Palisade Wall |
| 15:18 | Build | House |
| 15:19 | Build | Palisade Wall |
| 15:19 | Build | Palisade Wall |
| 15:23 | Create | Villager (Male) |
| 15:39 | Build | House |
| 15:42 | Build | House |
| 15:44 | Build | Palisade Wall |
| 15:45 | Build | Palisade Wall |
| 15:45 | Build | Palisade Wall |
| 15:47 | Build | Palisade Wall |
| 15:52 | Build | Palisade Gate |
| 15:53 | Build | Palisade Wall |
| 16:05 | Build | House |
| 16:18 | Build | Watch Tower |
| 16:53 | Build | House |
| 17:08 | Research | Castle Age |
| 17:50 | Build | House |
| 17:53 | Build | House |
| 17:54 | Build | Palisade Wall |
| 17:59 | Build | House |
| 18:01 | Build | Palisade Wall |
| 19:03 | Research | Double-Bit Axe |
| 19:23 | Build | Stone Wall |
| 19:25 | Build | Stone Wall |
| 19:32 | Build | Stone Wall |
| 19:35 | Build | Stone Wall |
| 19:48 | Age | Castle Age |
| 19:50 | Create | Villager (Male) |
| 20:21 | Create | Villager (Male) |
| 20:23 | Build | House |
| 20:25 | Build | House |
| 20:33 | Build | House |
| 20:35 | Build | House |
| 20:43 | Build | Castle |
| 20:46 | Create | Villager (Male) |
| 20:49 | Build | House |
| 21:13 | Create | Villager (Male) |
| 21:31 | Create | Villager (Male) |
| 21:36 | Build | Watch Tower |
| 21:46 | Create | Composite Bowman |
| 21:46 | Create | Composite Bowman |
| 22:05 | Create | Composite Bowman |
| 22:41 | Create | Villager (Male) |
| 23:11 | Create | Villager (Male) |
| 23:13 | Create | Composite Bowman |
| 23:21 | Research | Fletching |
| 23:23 | Create | Villager (Male) |
| 23:27 | Create | Composite Bowman |
| 23:37 | Build | House |
| 23:40 | Create | Villager (Male) |
| 23:43 | Build | House |
| 23:45 | Build | Palisade Gate |
| 23:47 | Build | Palisade Wall |
| 23:51 | Create | Composite Bowman |
| 23:55 | Research | Bodkin Arrow |
| 23:59 | Build | House |
| 24:00 | Build | House |
| 24:08 | Create | Composite Bowman |
| 24:14 | Create | Villager (Male) |
| 24:29 | Build | Mule Cart |
| 24:35 | Build | Siege Workshop |
| 24:41 | Build | Stone Wall |
| 24:48 | Build | Stone Wall |
| 24:51 | Build | Stone Wall |
| 24:58 | Create | Composite Bowman |
| 25:07 | Create | Mangonel |
| 25:27 | Create | Villager (Male) |
| 26:12 | Create | Composite Bowman |
| 26:13 | Create | Composite Bowman |
| 26:19 | Create | Villager (Male) |
| 26:19 | Create | Villager (Male) |
Build order — Ux'unreal. el noruego
First 150 of 354 actions detected
| 0:09 | Build | Town Center |
| 0:56 | Build | Dock |
| 2:31 | Create | Villager (Male) |
| 2:31 | Create | Villager (Male) |
| 2:34 | Build | House |
| 2:48 | Create | Villager (Male) |
| 2:52 | Create | Villager (Male) |
| 2:53 | Create | Villager (Male) |
| 3:35 | Create | Villager (Male) |
| 3:35 | Create | Villager (Male) |
| 3:43 | Build | House |
| 3:49 | Create | Fishing Ship |
| 3:49 | Create | Fishing Ship |
| 4:09 | Build | House |
| 4:31 | Research | Loom |
| 4:51 | Create | Villager (Male) |
| 4:51 | Create | Villager (Male) |
| 5:15 | Create | Villager (Male) |
| 5:15 | Create | Villager (Male) |
| 5:40 | Create | Villager (Male) |
| 5:40 | Create | Villager (Male) |
| 5:53 | Create | Fishing Ship |
| 6:01 | Build | House |
| 6:09 | Create | Villager (Male) |
| 6:18 | Build | House |
| 6:35 | Build | House |
| 6:43 | Create | Villager (Male) |
| 6:58 | Create | Villager (Male) |
| 7:05 | Create | Fishing Ship |
| 7:21 | Create | Villager (Male) |
| 7:45 | Create | Villager (Male) |
| 7:54 | Create | Fishing Ship |
| 8:04 | Build | House |
| 8:06 | Create | Villager (Male) |
| 8:33 | Create | Fishing Ship |
| 8:50 | Create | Villager (Male) |
| 9:11 | Create | Villager (Male) |
| 9:25 | Create | Villager (Male) |
| 9:40 | Build | Mining Camp |
| 9:48 | Build | House |
| 9:57 | Build | House |
| 10:01 | Create | Villager (Male) |
| 10:14 | Create | Villager (Male) |
| 10:30 | Create | Fishing Ship |
| 10:40 | Research | Feudal Age |
| 10:43 | Build | Lumber Camp |
| 11:46 | Build | Dock |
| 12:05 | Create | Villager (Male) |
| 12:51 | Age | Feudal Age |
| 12:52 | Create | Unit 2626 |
| 12:52 | Create | Unit 2626 |
| 12:53 | Build | House |
| 12:54 | Research | Double-Bit Axe |
| 12:56 | Create | Villager (Male) |
| 13:12 | Create | Villager (Male) |
| 13:18 | Build | Mill |
| 13:20 | Build | Mill |
| 13:38 | Create | Unit 2626 |
| 13:38 | Create | Unit 2626 |
| 13:45 | Create | Villager (Male) |
| 13:57 | Build | House |
| 13:57 | Build | House |
| 14:19 | Create | Galley |
| 14:22 | Create | Villager (Male) |
| 14:32 | Create | Galley |
| 14:44 | Create | Villager (Male) |
| 15:04 | Create | Villager (Male) |
| 15:12 | Create | Galley |
| 15:13 | Create | Villager (Male) |
| 15:18 | Build | Market |
| 15:55 | Create | Villager (Male) |
| 16:01 | Create | Villager (Male) |
| 16:08 | Create | Galley |
| 16:09 | Create | Galley |
| 16:13 | Create | Villager (Male) |
| 16:15 | Build | Blacksmith |
| 16:33 | Create | Villager (Male) |
| 16:54 | Research | Castle Age |
| 16:54 | Research | Castle Age |
| 17:06 | Research | Fletching |
| 17:09 | Create | Unit 2626 |
| 17:10 | Create | Unit 2626 |
| 17:23 | Create | Villager (Male) |
| 17:40 | Create | Villager (Male) |
| 17:46 | Build | House |
| 17:49 | Build | House |
| 17:50 | Build | House |
| 18:14 | Create | Galley |
| 18:15 | Create | Galley |
| 18:23 | Create | Villager (Male) |
| 18:33 | Create | Villager (Male) |
| 18:56 | Create | Unit 2626 |
| 18:56 | Create | Unit 2626 |
| 19:01 | Build | Dock |
| 19:41 | Age | Castle Age |
| 19:44 | Research | Bodkin Arrow |
| 19:46 | Create | Villager (Male) |
| 19:47 | Research | Bow Saw |
| 19:56 | Create | Villager (Male) |
| 20:16 | Create | Villager (Male) |
| 20:17 | Create | Villager (Male) |
| 20:25 | Create | Villager (Male) |
| 20:28 | Build | Town Center |
| 20:35 | Create | Villager (Male) |
| 20:38 | Build | Town Center |
| 21:06 | Create | Villager (Male) |
| 21:19 | Create | Galley |
| 21:19 | Create | Galley |
| 21:22 | Create | Villager (Male) |
| 21:48 | Create | Villager (Male) |
| 21:48 | Create | Villager (Male) |
| 21:50 | Research | Wheelbarrow |
| 22:10 | Create | Villager (Male) |
| 22:10 | Create | Villager (Male) |
| 22:13 | Build | Farm |
| 22:14 | Build | Farm |
| 22:14 | Build | Farm |
| 22:14 | Build | Farm |
| 22:16 | Build | Farm |
| 22:17 | Build | Farm |
| 22:23 | Create | Villager (Male) |
| 22:25 | Build | Farm |
| 22:26 | Build | Farm |
| 22:38 | Create | Villager (Male) |
| 22:42 | Create | Unit 2626 |
| 22:42 | Create | Unit 2626 |
| 22:42 | Create | Unit 2626 |
| 23:16 | Create | Fishing Ship |
| 23:16 | Create | Fishing Ship |
| 23:20 | Build | House |
| 23:21 | Create | Villager (Male) |
| 23:38 | Create | Villager (Male) |
| 23:38 | Create | Villager (Male) |
| 23:38 | Create | Villager (Male) |
| 23:45 | Research | Stone Mining |
| 24:06 | Create | Villager (Male) |
| 24:06 | Create | Villager (Male) |
| 24:09 | Build | House |
| 24:10 | Build | House |
| 24:10 | Build | House |
| 24:10 | Build | House |
| 24:10 | Build | House |
| 24:12 | Create | Villager (Male) |
| 24:15 | Create | Villager (Male) |
| 24:17 | Build | Farm |
| 24:18 | Build | Farm |
| 24:18 | Build | Farm |
| 24:18 | Build | Farm |
| 24:19 | Build | Farm |
| 24:19 | Build | Farm |
Build order — Mortis
First 150 of 202 actions detected
| 0:58 | Build | Town Center |
| 1:38 | Build | Palisade Wall |
| 1:46 | Build | Palisade Wall |
| 2:03 | Build | Dock |
| 2:16 | Build | House |
| 3:11 | Create | Villager (Male) |
| 3:11 | Create | Villager (Male) |
| 3:11 | Create | Villager (Male) |
| 3:11 | Create | Villager (Male) |
| 3:12 | Create | Villager (Male) |
| 3:25 | Research | Loom |
| 3:37 | Build | Palisade Wall |
| 3:44 | Build | Palisade Wall |
| 3:46 | Build | Palisade Wall |
| 3:48 | Build | Palisade Wall |
| 3:54 | Create | Villager (Male) |
| 4:16 | Create | Villager (Male) |
| 4:16 | Create | Villager (Male) |
| 4:17 | Create | Villager (Male) |
| 4:38 | Build | House |
| 4:43 | Build | House |
| 4:48 | Build | Palisade Wall |
| 4:49 | Build | Palisade Wall |
| 5:05 | Build | Palisade Wall |
| 6:18 | Build | Palisade Wall |
| 6:23 | Build | Palisade Wall |
| 6:39 | Build | Palisade Wall |
| 6:58 | Create | Villager (Male) |
| 6:58 | Create | Villager (Male) |
| 6:58 | Create | Villager (Male) |
| 6:59 | Create | Villager (Male) |
| 7:30 | Create | Fishing Ship |
| 7:30 | Create | Fishing Ship |
| 7:31 | Create | Fishing Ship |
| 8:32 | Create | Villager (Male) |
| 8:32 | Create | Villager (Male) |
| 8:32 | Create | Villager (Male) |
| 8:48 | Create | Fishing Ship |
| 8:48 | Create | Fishing Ship |
| 9:26 | Build | House |
| 9:28 | Create | Villager (Male) |
| 9:29 | Create | Villager (Male) |
| 9:59 | Create | Fishing Ship |
| 10:39 | Build | House |
| 10:42 | Create | Villager (Male) |
| 10:42 | Create | Villager (Male) |
| 10:42 | Create | Villager (Male) |
| 11:11 | Build | House |
| 11:37 | Create | Fishing Ship |
| 11:37 | Create | Fishing Ship |
| 11:45 | Create | Villager (Male) |
| 11:45 | Create | Villager (Male) |
| 12:14 | Build | Mill |
| 12:19 | Build | House |
| 12:36 | Create | Villager (Male) |
| 12:37 | Create | Villager (Male) |
| 12:37 | Create | Villager (Male) |
| 12:37 | Create | Villager (Male) |
| 13:18 | Create | Villager (Male) |
| 13:24 | Build | Palisade Wall |
| 13:25 | Build | Palisade Wall |
| 13:26 | Create | Villager (Male) |
| 13:44 | Create | Villager (Male) |
| 14:20 | Create | Villager (Male) |
| 14:29 | Research | Feudal Age |
| 15:34 | Create | Villager (Male) |
| 15:40 | Build | Mining Camp |
| 16:20 | Create | Villager (Male) |
| 16:32 | Create | Villager (Male) |
| 16:51 | Create | Villager (Male) |
| 16:51 | Age | Feudal Age |
| 16:55 | Create | Villager (Male) |
| 17:01 | Build | Market |
| 17:08 | Create | Villager (Male) |
| 17:12 | Build | House |
| 17:22 | Create | Villager (Male) |
| 17:28 | Build | House |
| 17:43 | Create | Villager (Male) |
| 17:47 | Build | House |
| 18:06 | Create | Villager (Male) |
| 18:08 | Build | Mill |
| 18:12 | Create | Villager (Male) |
| 18:32 | Build | House |
| 19:15 | Create | Fire Galley |
| 19:56 | Build | Blacksmith |
| 20:32 | Research | Castle Age |
| 20:51 | Research | Horse Collar |
| 22:17 | Build | Barracks |
| 22:35 | Create | Villager (Male) |
| 22:46 | Research | Scale Barding Armor |
| 22:49 | Create | Villager (Male) |
| 22:56 | Build | Stable |
| 22:58 | Build | Stable |
| 23:07 | Build | Farm |
| 23:07 | Build | Farm |
| 23:07 | Build | Farm |
| 23:07 | Build | Farm |
| 23:08 | Build | Farm |
| 23:08 | Build | Farm |
| 23:08 | Build | Farm |
| 23:16 | Build | Farm |
| 23:17 | Age | Castle Age |
| 23:33 | Research | Chain Barding Armor |
| 23:53 | Create | Shrivamsha Rider ×2 |
| 23:53 | Create | Shrivamsha Rider ×2 |
| 24:02 | Create | Shrivamsha Rider ×2 |
| 24:03 | Create | Shrivamsha Rider ×2 |
| 24:11 | Build | Farm |
| 24:13 | Build | Farm |
| 24:15 | Create | Villager (Male) |
| 24:27 | Create | Villager (Male) |
| 24:50 | Create | Scout Cavalry |
| 24:51 | Create | Scout Cavalry |
| 25:22 | Create | Villager (Male) |
| 25:23 | Create | Villager (Male) |
| 25:52 | Create | Shrivamsha Rider |
| 25:52 | Create | Villager (Male) |
| 25:53 | Create | Villager (Male) |
| 25:55 | Build | Mining Camp |
| 26:00 | Build | House |
| 26:01 | Build | House |
| 26:01 | Build | House |
| 26:01 | Build | House |
| 26:02 | Build | House |
| 26:19 | Create | Villager (Male) |
| 26:19 | Create | Villager (Male) |
| 26:38 | Research | Forging |
| 26:38 | Research | Forging |
| 27:00 | Create | Shrivamsha Rider |
| 27:01 | Create | Shrivamsha Rider |
| 27:25 | Create | Villager (Male) |
| 27:25 | Create | Villager (Male) |
| 27:42 | Create | Villager (Male) |
| 27:53 | Create | Villager (Male) |
| 27:54 | Create | Villager (Male) |
| 28:10 | Research | Husbandry |
| 28:11 | Create | Shrivamsha Rider |
| 28:12 | Create | Shrivamsha Rider |
| 28:24 | Create | Villager (Male) |
| 28:24 | Create | Villager (Male) |
| 28:44 | Create | Villager (Male) |
| 28:51 | Build | Town Center |
| 28:59 | Create | Villager (Male) |
| 29:11 | Build | Town Center |
| 29:55 | Create | Villager (Male) |
| 29:55 | Create | Villager (Male) |
| 29:56 | Create | Villager (Male) |
| 30:12 | Build | Town Center |
| 30:14 | Create | Villager (Male) |
| 30:14 | Create | Villager (Male) |
Build order — DK_Dani
129 actions detected in the replay
| 0:18 | Build | Town Center |
| 0:41 | Build | Dock |
| 0:49 | Build | Palisade Wall |
| 0:52 | Build | House |
| 0:53 | Build | Palisade Wall |
| 2:43 | Create | Villager (Male) ×4 |
| 4:00 | Create | Villager (Male) |
| 4:00 | Create | Villager (Male) |
| 4:25 | Build | House |
| 4:27 | Create | Fishing Ship |
| 4:27 | Create | Fishing Ship |
| 4:36 | Research | Loom |
| 5:15 | Build | Mill |
| 5:31 | Create | Villager (Male) |
| 5:31 | Create | Villager (Male) |
| 6:25 | Create | Villager (Male) |
| 6:26 | Create | Villager (Male) |
| 6:57 | Create | Villager (Male) |
| 6:57 | Create | Villager (Male) |
| 7:10 | Create | Villager (Male) |
| 7:10 | Create | Villager (Male) |
| 7:17 | Build | House |
| 7:42 | Build | House |
| 7:59 | Create | Villager (Male) |
| 8:19 | Create | Villager (Male) |
| 8:19 | Create | Villager (Male) |
| 8:44 | Build | Palisade Wall |
| 8:46 | Build | Palisade Wall |
| 8:51 | Build | Palisade Wall |
| 9:11 | Create | Villager (Male) |
| 9:31 | Build | Mill |
| 9:41 | Build | House |
| 9:57 | Create | Villager (Male) |
| 9:58 | Create | Villager (Male) |
| 10:26 | Create | Villager (Male) |
| 10:28 | Build | House |
| 10:39 | Build | Palisade Wall |
| 10:42 | Build | Palisade Wall |
| 10:45 | Build | Palisade Wall |
| 11:12 | Create | Villager (Male) |
| 11:33 | Create | Villager (Male) |
| 11:34 | Create | Villager (Male) |
| 11:37 | Build | Mining Camp |
| 11:38 | Create | Fishing Ship |
| 11:39 | Create | Fishing Ship |
| 12:22 | Build | Mining Camp |
| 12:33 | Create | Villager (Male) |
| 12:52 | Create | Villager (Male) |
| 13:03 | Research | Feudal Age |
| 14:33 | Create | Villager (Male) |
| 14:34 | Create | Villager (Male) |
| 15:13 | Age | Feudal Age |
| 15:14 | Build | Market |
| 16:06 | Create | Villager (Male) |
| 16:15 | Build | Blacksmith |
| 16:44 | Research | Castle Age |
| 16:57 | Create | Villager (Male) |
| 17:32 | Build | Outpost |
| 19:14 | Build | Watch Tower |
| 19:24 | Age | Castle Age |
| 20:10 | Create | Villager (Male) |
| 20:10 | Create | Villager (Male) |
| 20:10 | Create | Villager (Male) |
| 20:11 | Create | Villager (Male) |
| 21:15 | Build | Mining Camp |
| 21:43 | Build | Castle |
| 21:47 | Create | Villager (Male) |
| 21:59 | Build | House |
| 22:01 | Build | House |
| 22:05 | Build | Siege Workshop |
| 22:15 | Build | Lumber Camp |
| 22:46 | Create | Villager (Male) |
| 22:57 | Create | Battering Ram |
| 23:05 | Create | Unit 1908 |
| 23:17 | Create | Villager (Male) |
| 23:29 | Create | Villager (Male) |
| 23:30 | Create | Unit 1908 |
| 23:51 | Build | Lumber Camp |
| 23:59 | Create | Villager (Male) |
| 24:09 | Create | Battering Ram |
| 24:13 | Create | Villager (Male) |
| 24:53 | Create | Battering Ram |
| 25:10 | Create | Villager (Male) |
| 25:22 | Create | Villager (Male) |
| 25:36 | Create | Iron Pagoda |
| 25:40 | Create | Battering Ram |
| 25:50 | Build | Farm |
| 25:51 | Build | Farm |
| 25:51 | Build | Farm |
| 25:51 | Build | Farm |
| 25:51 | Build | Farm |
| 25:52 | Build | Farm |
| 25:52 | Build | Farm |
| 25:52 | Build | Farm |
| 26:11 | Create | Villager (Male) |
| 26:13 | Create | Battering Ram |
| 26:26 | Build | Farm |
| 26:27 | Create | Villager (Male) |
| 27:03 | Create | Villager (Male) |
| 27:27 | Create | Villager (Male) |
| 27:49 | Create | Villager (Male) |
| 27:58 | Build | Mill |
| 28:11 | Create | Unit 1908 |
| 28:32 | Create | Villager (Male) |
| 29:03 | Create | Villager (Male) |
| 29:13 | Create | Villager (Male) |
| 29:26 | Create | Villager (Male) |
| 29:31 | Build | Farm |
| 29:31 | Build | Farm |
| 29:31 | Build | Farm |
| 29:32 | Build | Farm |
| 29:32 | Build | Farm |
| 29:32 | Build | Farm |
| 29:32 | Build | Farm |
| 29:34 | Research | Horse Collar |
| 29:44 | Create | Unit 1908 |
| 29:54 | Build | Town Center |
| 30:20 | Create | Villager (Male) |
| 30:39 | Create | Villager (Male) |
| 30:45 | Build | Palisade Gate |
| 31:34 | Create | Villager (Male) |
| 32:16 | Build | Farm |
| 32:17 | Build | Farm |
| 32:18 | Build | Farm |
| 32:20 | Build | Farm |
| 32:21 | Build | Farm |
| 33:06 | Create | Villager (Male) |
| 33:09 | Create | Villager (Male) |
| 33:32 | Build | Castle |
Match timeline
| 0:41 | DK_Dani · first_building Dock |
| 0:49 | TomCollins · first_building Dock |
| 0:49 | DK_Dani · wall_segment Palisade Wall x1 |
| 0:53 | DK_Dani · wall_segment Palisade Wall x1 |
| 0:53 | DK_Akutuhaburu · first_building Dock |
| 0:56 | Ux'unreal. el noruego · first_building Dock |
| 1:06 | DK_Nightclaim · first_building Dock |
| 1:21 | Brisingr · wall_segment Palisade Wall x1 |
| 1:25 | Brisingr · first_building Dock |
| 1:28 | apNEA · first_building Dock |
| 1:38 | Mortis · wall_segment Palisade Wall x1 |
| 1:46 | Mortis · wall_segment Palisade Wall x1 |
| 2:03 | Mortis · first_building Dock |
| 2:29 | apNEA · wall_segment Palisade Wall x1 |
| 2:30 | apNEA · wall_segment Palisade Wall x1 |
| 3:37 | Mortis · wall_segment Palisade Wall x1 |
| 3:44 | Mortis · wall_segment Palisade Wall x1 |
| 3:46 | Mortis · wall_segment Palisade Wall x1 |
| 3:48 | Mortis · wall_segment Palisade Wall x1 |
| 4:00 | DK_Akutuhaburu · wall_segment Palisade Wall x1 |
| 4:00 | DK_Akutuhaburu · wall_segment Palisade Wall x1 |
| 4:01 | DK_Akutuhaburu · wall_segment Palisade Wall x1 |
| 4:37 | DK_Akutuhaburu · wall_segment Palisade Wall x1 |
| 4:48 | Mortis · wall_segment Palisade Wall x1 |
| 4:49 | Mortis · wall_segment Palisade Wall x1 |
| 5:05 | Mortis · wall_segment Palisade Wall x1 |
| 6:18 | Mortis · wall_segment Palisade Wall x1 |
| 6:23 | Mortis · wall_segment Palisade Wall x1 |
| 6:39 | Mortis · wall_segment Palisade Wall x1 |
| 7:16 | apNEA · wall_segment Palisade Wall x1 |
| 7:19 | apNEA · wall_segment Palisade Wall x1 |
| 7:22 | apNEA · wall_segment Palisade Wall x1 |
| 7:24 | apNEA · wall_segment Palisade Wall x1 |
| 8:44 | DK_Dani · wall_segment Palisade Wall x1 |
| 8:46 | DK_Dani · wall_segment Palisade Wall x1 |
| 8:51 | DK_Dani · wall_segment Palisade Wall x1 |
| 9:12 | apNEA · wall_segment Palisade Wall x1 |
| 9:23 | apNEA · wall_segment Palisade Wall x1 |
| 9:26 | apNEA · wall_segment Palisade Wall x1 |
| 9:44 | apNEA · wall_segment Palisade Wall x1 |
| 9:54 | apNEA · wall_segment Palisade Wall x1 |
| 10:14 | apNEA · wall_segment Palisade Wall x1 |
| 10:34 | apNEA · wall_segment Palisade Wall x1 |
| 10:35 | apNEA · wall_segment Palisade Wall x1 |
| 10:39 | DK_Dani · wall_segment Palisade Wall x1 |
| 10:42 | DK_Dani · wall_segment Palisade Wall x1 |
| 10:45 | DK_Dani · wall_segment Palisade Wall x1 |
| 10:48 | apNEA · wall_segment Palisade Wall x1 |
| 11:37 | apNEA · wall_segment Palisade Wall x1 |
| 11:45 | apNEA · wall_segment Palisade Wall x1 |
| 11:53 | TomCollins · age_up feudal |
| 12:04 | apNEA · wall_segment Palisade Wall x1 |
| 12:35 | apNEA · wall_segment Palisade Wall x1 |
| 12:39 | apNEA · wall_segment Palisade Wall x1 |
| 12:51 | Ux'unreal. el noruego · age_up feudal |
| 13:03 | DK_Akutuhaburu · wall_segment Palisade Wall x1 |
| 13:05 | DK_Nightclaim · age_up feudal |
| 13:10 | Brisingr · wall_segment Palisade Wall x1 |
| 13:18 | Brisingr · age_up feudal |
| 13:19 | DK_Akutuhaburu · first_building Barracks |
| 13:21 | Brisingr · wall_segment Palisade Wall x1 |
| 13:22 | Brisingr · wall_segment Palisade Wall x1 |
| 13:24 | Mortis · wall_segment Palisade Wall x1 |
| 13:25 | Mortis · wall_segment Palisade Wall x1 |
| 13:51 | TomCollins · wall_segment Palisade Wall x2 |
| 13:53 | TomCollins · wall_segment Palisade Wall x4 |
| 14:03 | apNEA · age_up feudal |
| 14:56 | DK_Akutuhaburu · age_up feudal |
| 15:09 | apNEA · wall_segment Palisade Wall x1 |
| 15:13 | DK_Dani · age_up feudal |
| 15:13 | apNEA · wall_segment Palisade Wall x1 |
| 15:19 | DK_Akutuhaburu · first_building Archery Range |
| 15:19 | apNEA · wall_segment Palisade Wall x1 |
| 15:19 | apNEA · wall_segment Palisade Wall x1 |
| 15:29 | Brisingr · wall_segment Palisade Wall x1 |
| 15:32 | Brisingr · wall_segment Palisade Wall x1 |
| 15:43 | DK_Akutuhaburu · wall_segment Palisade Wall x1 |
| 15:44 | apNEA · wall_segment Palisade Wall x1 |
| 15:45 | apNEA · wall_segment Palisade Wall x1 |
| 15:45 | apNEA · wall_segment Palisade Wall x1 |
| 15:47 | apNEA · wall_segment Palisade Wall x1 |
| 15:53 | apNEA · wall_segment Palisade Wall x1 |
| 16:15 | DK_Akutuhaburu · wall_segment Stone Wall x1 |
| 16:16 | DK_Akutuhaburu · wall_segment Stone Wall x1 |
| 16:16 | DK_Akutuhaburu · wall_segment Stone Wall x1 |
| 16:17 | DK_Akutuhaburu · wall_segment Stone Wall x1 |
| 16:29 | Brisingr · wall_segment Palisade Wall x1 |
| 16:49 | DK_Nightclaim · age_up castle |
| 16:51 | Mortis · age_up feudal |
| 17:06 | Brisingr · age_up castle |
| 17:07 | DK_Nightclaim · first_building Siege Workshop |
| 17:46 | TomCollins · wall_segment Palisade Wall x4 |
| 17:48 | Brisingr · first_building Castle |
| 17:54 | apNEA · wall_segment Palisade Wall x1 |
| 18:01 | apNEA · wall_segment Palisade Wall x1 |
| 18:08 | Brisingr · wall_segment Palisade Wall x2 |
| 18:51 | Brisingr · wall_segment Palisade Wall x2 |
| 19:23 | apNEA · wall_segment Stone Wall x4 |
| 19:24 | DK_Dani · age_up castle |
| 19:25 | apNEA · wall_segment Stone Wall x1 |
| 19:32 | apNEA · wall_segment Stone Wall x1 |
| 19:35 | apNEA · wall_segment Stone Wall x1 |
| 19:41 | Ux'unreal. el noruego · age_up castle |
| 19:48 | apNEA · age_up castle |
| 19:48 | TomCollins · wall_segment Palisade Wall x1 |
| 19:54 | Mortis · first_market_buy 100 wood |
| 20:00 | Mortis · first_market_sell 100 food |
| 20:09 | apNEA · first_market_buy 100 stone |
| 20:26 | TomCollins · age_up castle |
| 20:43 | apNEA · first_building Castle |
| 20:45 | DK_Akutuhaburu · wall_segment Stone Wall x1 |
| 21:43 | DK_Dani · first_building Castle |
| 22:01 | DK_Akutuhaburu · first_market_buy 500 food |
| 22:02 | DK_Akutuhaburu · first_market_sell 500 stone |
| 22:05 | DK_Dani · first_building Siege Workshop |
| 22:17 | Mortis · first_building Barracks |
| 22:56 | DK_Dani · first_market_sell 100 food |
| 22:56 | Mortis · first_building Stable |
| 23:17 | Mortis · age_up castle |
| 23:47 | apNEA · wall_segment Palisade Wall x1 |
| 24:09 | Brisingr · first_building Siege Workshop |
| 24:35 | apNEA · first_building Siege Workshop |
| 24:39 | Ux'unreal. el noruego · first_market_buy 100 stone |
| 24:41 | apNEA · wall_segment Stone Wall x2 |
| 24:46 | DK_Akutuhaburu · wall_segment Stone Wall x1 |
| 24:48 | apNEA · wall_segment Stone Wall x1 |
| 24:50 | DK_Akutuhaburu · wall_segment Stone Wall x1 |
| 24:51 | apNEA · wall_segment Stone Wall x1 |
| 24:54 | DK_Akutuhaburu · wall_segment Stone Wall x1 |
| 24:56 | DK_Akutuhaburu · wall_segment Stone Wall x1 |
| 24:58 | DK_Akutuhaburu · wall_segment Stone Wall x1 |
| 25:00 | DK_Akutuhaburu · age_up castle |
| 25:01 | DK_Akutuhaburu · wall_segment Stone Wall x1 |
| 25:02 | DK_Akutuhaburu · wall_segment Stone Wall x1 |
| 25:03 | DK_Akutuhaburu · wall_segment Stone Wall x1 |
| 25:06 | apNEA · first_market_sell 100 food |
| 25:18 | DK_Akutuhaburu · first_building Monastery |
| 26:04 | TomCollins · first_building Barracks |
| 26:29 | apNEA · wall_segment Palisade Wall x1 |
| 27:06 | DK_Nightclaim · first_building Barracks |
| 27:21 | DK_Nightclaim · first_building Monastery |
| 27:51 | TomCollins · first_market_buy 100 food |
| 27:52 | DK_Nightclaim · first_market_sell 100 wood |
| 27:53 | Ux'unreal. el noruego · first_building Barracks |
| 28:02 | DK_Akutuhaburu · first_building Siege Workshop |
| 28:08 | DK_Nightclaim · first_building Stable |
| 28:53 | Ux'unreal. el noruego · first_building Castle |
| 28:59 | apNEA · wall_segment Palisade Wall x1 |
| 29:03 | DK_Akutuhaburu · wall_segment Stone Wall x1 |
| 29:05 | DK_Akutuhaburu · wall_segment Stone Wall x1 |
| 29:33 | Ux'unreal. el noruego · first_building Archery Range |
| 31:47 | TomCollins · first_building Castle |
| 33:05 | Ux'unreal. el noruego · first_market_sell 100 food |
| 33:28 | DK_Dani · first_market_buy 100 stone |
| 33:34 | DK_Nightclaim · first_building Castle |
| 33:34 | Mortis · first_building Castle |
| 34:02 | Ux'unreal. el noruego · resign |
[ AI ANALYSIS · 1 CREDIT ]
What really happened in this match?
Wolo.gg analyzes every decision: build order, eco, micro, common mistakes by bracket. Personalized analysis on WhatsApp or Discord in 30 seconds.
Civ guide
Mongols
Perfil
Jugador #252558